 Dungeon Crawl Stone Soup version 0.26.0-91-g99b343417d (webtiles) character file.

Game seed: 17709493787656565088

3878 Gadfly the Warmonger (level 10, -9/76 HPs)
             Began as a Formicid Fighter on Feb 3, 2021.
             Was an Elder of Okawaru.
             Killed by divine providence
             ... invoked by a meliai
              (12 damage)
             ... on level 9 of the Dungeon.
             The game lasted 00:10:50 (7211 turns).

Gadfly the Warmonger (Formicid Fighter)             Turns: 7211, Time: 00:10:51

Health: -9/76      AC: 17    Str: 26    XL:     10   Next: 42%
Magic:  24/24      EV: 21    Int: 11    God:    Okawaru [****..]
Gold:   465        SH: 11    Dex: 10    Spells: 9/9 levels left

rFire    . . .     SeeInvis +   a - +9 war axe of Qazlal's Benevolence {venom, *Contam Str+2 Int+3}
rCold    . . .     Faith    .   c - +0 kite shield
rNeg     . . .     Spirit   .   g - +0 plate armour
rPois    .         Reflect  .   (helmet unavailable)
rElec    .         Harm     .   j - +0 cloak
rCorr    .         Rampage  .   n - +0 pair of gloves
Will     ++...                  h - +1 pair of boots
Stlth    ..........             w - amulet of the acrobat
HPRegen  0.22/turn              l - ring of willpower
MPRegen  0.19/turn              v - ring of magical power

@: acrobat
A: permanent stasis, dig shafts and tunnels, four strong arms, antennae 3
a: Dig, Shaft Self, Renounce Religion, Heroism


You were on level 9 of the Dungeon.
You worshipped Okawaru.
Okawaru was greatly pleased with you.
You visited 2 branches of the dungeon, and saw 10 of its levels.

You collected 564 gold pieces.
You spent 99 gold pieces at shops.

Inventory:

Hand Weapons
 a - the +9 war axe of Qazlal's Benevolence (weapon) {venom, *Contam Str+2 Int+3}
   (You found it on level 4 of the Dungeon)

   It poisons the flesh of those it strikes.
   It affects your strength (+2).
   It affects your intelligence (+3).
   It causes magical contamination when unequipped.
 b - a +3 flail of holy wrath
 k - a +0 battleaxe
Missiles
 t - 30 bolts
Armour
 c - a +0 kite shield (worn)
 g - a +0 plate armour (worn)
 h - a +1 pair of boots (worn)
 j - a +0 cloak (worn)
 n - a +0 pair of gloves (worn)
Jewellery
 l - a ring of willpower (left hand)
 v - a ring of magical power (right hand)
 w - an amulet of the acrobat (around neck)
Wands
 o - a wand of random effects (13) (quivered)
 q - a wand of enslavement (9)
Scrolls
 f - 8 scrolls of remove curse
 p - 2 scrolls of fear
 s - 5 scrolls of identify
 u - 2 scrolls of magic mapping
Potions
 d - a potion of might
 e - a potion of cancellation
 i - 4 potions of curing
 m - 3 potions of attraction
 r - a potion of heal wounds


   Skills:
 + Level 5.7 Fighting
 * Level 6.4 Axes
 * Level 5.8 Crossbows
 + Level 5.8 Armour
 + Level 6.3 Shields
 * Level 7.2 Invocations
 * Level 6.6 Evocations


You had 9 spell levels left.
You didn't know any spells.
Your spell library contained the following spells:

 Spells                   Type           Power        Failure   Level
 Chain Lightning          Conj/Air       0%           100%        8
 Lehudib's Crystal Spear  Conj/Erth      0%           100%        8
 Absolute Zero            Ice            0%           100%        9
 Fire Storm               Conj/Fire      0%           100%        9


Dungeon Overview and Level Annotations

Branches:
Dungeon (9/15)             Temple (1/1) D:5
   Lair: D:8-11         Orc: D:9-12

Altars:
Ashenzari
Cheibriados
Dithmenos
Elyvilon
Fedhas
Gozag
Hepliaklqana
Kikubaaqudgha
Makhleb
Nemelex Xobeh
Okawaru
Qazlal
Ru
Sif Muna
Trog
Uskayaw
Vehumet
Wu Jian
Xom
Yredelemnul
Zin
The Shining One

Shops:
D:4 *   D:5 [   D:8 *

Annotations:
D:7 2 transporters, thiole's ghost, novice OpVM


Innate Abilities, Weirdness & Mutations

You cannot be hasted, slowed, berserked, paralysed or teleported.
You can dig through walls and to a lower floor.
Your four strong arms can wield two-handed weapons with a shield.
You have a pair of large antennae on your head. (SInv)


Message History

The meliai hits you but does no damage. The meliai misses you.
The meliai calls down the wrath of its god upon you.
Something smites you!
The meliai calls down the wrath of its god upon you.
Something smites you!
* * * LOW HITPOINT WARNING * * *
The meliai barely misses you.
The meliai stings you but does no damage.
Found 13 gold pieces.
The meliai barely misses you. The meliai misses you.
The meliai hits you with a +0 war axe.
* * * LOW HITPOINT WARNING * * *
You block the meliai's attack. You block the meliai's attack.
The meliai barely misses you.
The meliai invokes the aid of its god against you.
Something smites you!
* * * LOW HITPOINT WARNING * * *
The meliai mumbles some strange prayers to its god against you.
Something smites you!
You die...

##..(.##....####...###l##
...( ............####..####.#
.##Y
.............#{.......†##..#
.
............#.{......†.......
...?........#y####.##........
..............## ###.........
........##....l##............
......###..#..yy.............
#....†.#....####@...#..###..#
####.†.÷..#.#.##...##... ..#
#.........#......#......
#...<......[.....#.$....
.......<.##....... .....
#..#.....# #...### .....
#.?#...........# ....
####...!......## ....
##........##


You could see a wyvern and 3 meliai.

Vanquished Creatures
  2 trolls (D:9)
  2 wyverns (D:9)
  3 yaks (D:9)
  Edmund (D:6)
  A water moccasin (D:9)
  2 ice beasts
  2 orc warriors
  3 sky beasts
  A phantom (D:8)
  2 ogres
  A centaur (D:8)
  5 bullfrogs
  2 scorpions
  A killer bee (D:8)
  3 howler monkeys
  A quasit (D:5)
  3 hounds
  A jelly (D:7)
  4 orc priests
  Crazy Yiuf (D:4)
  A centaur skeleton (D:8)
  4 orc wizards
  A bullfrog skeleton (D:8)
  Ijyb (D:4)
  3 iguanas
  3 worker ants
  2 killer bee zombies
  2 hound zombies
  A howler monkey zombie (D:8)
  7 adders
  3 shadow imps
  3 white imps
  An ufetubus (D:9)
  An ooze (D:5)
  3 adder zombies
  An adder skeleton (D:6)
  A worm (D:3)
  2 dart slugs
  7 leopard geckos
  24 orcs
  7 bats
  2 giant cockroaches
  5 hobgoblins
  14 jackals
  5 quokkas
  A ball python (D:2)
  A ball python skeleton (D:4)
  4 frilled lizards
  6 goblins
  5 kobolds
  A leopard gecko zombie (D:7)
  9 rats
  2 toadstools (D:1)
174 creatures vanquished.

Vanquished Creatures (others)
  A fungus (D:9)
  6 plants (D:9)
  2 toadstools (D:1)
9 creatures vanquished.

Grand Total: 183 creatures vanquished

Notes
Turn   | Place    | Note
-------+----------+-------------------------------------------
     0 | D:1      | Gadfly the Formicid Fighter began the quest for the Orb.
     0 | D:1      | Reached XP level 1. HP: 18/18 MP: 1/1
    58 | D:1      | Reached XP level 2. HP: 6/24 MP: 2/2
    65 | D:1      | HP: 1/24 [dart slug (3)]
   412 | D:1      | Reached skill level 1 in Invocations
   475 | D:1      | Reached skill level 1 in Evocations
   482 | D:1      | Reached XP level 3. HP: 29/29 MP: 3/3
  1596 | D:2      | Found a shimmering blue altar of Sif Muna.
  1798 | D:3      | Reached XP level 4. HP: 35/35 MP: 5/5
  2004 | D:3      | Reached skill level 1 in Crossbows
  2004 | D:3      | Reached skill level 2 in Invocations
  2065 | D:3      | Reached XP level 5. HP: 40/41 MP: 6/6
  2543 | D:4      | Noticed Ijyb
  2553 | D:4      | Killed Ijyb
  2597 | D:4      | Reached XP level 6. HP: 48/48 MP: 6/8
  2640 | D:4      | Found Vujutub's General Store.
  2647 | D:4      | Bought a potion of cancellation for 88 gold pieces
  2647 | D:4      | Bought a potion of degeneration for 11 gold pieces
  2950 | D:4      | Found a runed translucent door.
  2951 | D:4      | Noticed Crazy Yiuf
  2962 | D:4      | Killed Crazy Yiuf
  2994 | D:4      | Got an encrusted war axe
  2998 | D:4      | Identified the +9 war axe of Qazlal's Benevolence {venom,
                  | *Contam Str+2 Int+3} (You found it on level 4 of the
                  | Dungeon)
  3017 | D:5      | Entered Level 5 of the Dungeon
  3027 | D:5      | Found a staircase to the Ecumenical Temple.
  3046 | D:5      | Found Ystroul's Armour Shop.
  3056 | Temple   | Entered the Ecumenical Temple
  3099 | Temple   | Became a worshipper of Warmaster Okawaru
  3291 | D:5      | Reached skill level 3 in Invocations
  3951 | D:6      | Reached XP level 7. HP: 51/53 MP: 9/9
  4015 | D:6      | Reached * piety under Okawaru
  4298 | D:6      | Noticed Edmund
  4305 | D:6      | Killed Edmund
  4306 | D:6      | Reached skill level 4 in Invocations
  4429 | D:6      | Reached XP level 8. HP: 55/60 MP: 11/11
  4683 | D:6      | Found a broken altar of Ashenzari.
  5121 | D:7      | Found a shimmering altar of Xom.
  5132 | D:7      | Reached ** piety under Okawaru
  5168 | D:7      | Reached skill level 5 in Shields
  5175 | D:7      | Reached skill level 5 in Invocations
  5195 | D:7      | Reached XP level 9. HP: 48/66 MP: 12/12
  5446 | D:7      | Found a transporter.
  5597 | D:7      | Found a transporter.
  5597 | D:7      | Noticed thiole's ghost (novice OpVM)
  5979 | D:7      | Reached skill level 5 in Axes
  5979 | D:7      | Reached skill level 5 in Armour
  5979 | D:7      | Reached skill level 5 in Evocations
  6229 | D:8      | Found a snail-covered altar of Cheibriados.
  6395 | D:8      | Reached skill level 5 in Fighting
  6426 | D:8      | Reached skill level 6 in Invocations
  6793 | D:8      | Found Wiaschor's General Store.
  6916 | D:9      | Noticed a troll
  6924 | D:9      | Reached *** piety under Okawaru
  6927 | D:9      | Killed a troll
  6928 | D:9      | Reached skill level 5 in Crossbows
  7149 | D:9      | Reached XP level 10. HP: 73/74 MP: 14/14
  7186 | D:9      | Reached **** piety under Okawaru
  7190 | D:9      | Reached skill level 7 in Invocations
  7211 | D:9      | HP: 3/76 [meliai/divine providence (11)]
  7211 | D:9      | Killed from afar by a meliai

Illustrated notes

Levels and vault maps discovered:
D:1:      ldierk_water_garden, layout_rooms, hex_medium, minivault_19
D:2:      layout_basic, led_sif_pool
D:3:      layout_rooms
D:4:      layout_cave_pools, serial_shops, shop, st_stairs_13, uniq_ijyb,
          uniq_crazy_yiuf_cottage
D:5:      layout_loops_ring, minmay_temple_entry_hall, serial_shops, shop
D:6:      layout_basic, marbit_many_paths, uniq_edmund
D:7:      layout_gridville, nicolae_overflow_crystal_walls,
          gammafunk_ghost_mausoleum
D:8:      layout_cave_pools, lemuel_crystal_altar, serial_column_ruins,
          column_ruins_hut, column_ruins_hut, column_ruins_open_small,
          column_ruins_open_medium, column_ruins_open_large,
          column_ruins_corridor_straight, column_ruins_columns_corner,
          kennysheep_diamond
D:9:      layout_cave_pools, minmay_lair_entry_grove, dk_vineyard_1,
          minmay_microvault
Temple:   compressed_dpeg_circular_temple

Skill      XL: |  1  2  3  4  5  6  7  8  9 10 |
---------------+-------------------------------+-----
Invocations    | 1 2 3 4 5 6 7 |  7.2
Evocations     | 1 2 3 4 5 6 |  6.6
Crossbows      | 1 2 4 5 |  5.8
Axes           | 3 4 5 6 |  6.4
Shields        | 4 5 6 |  6.3
Armour         | 4 5 |  5.8
Fighting       | 4 5 |  5.7

Action                   |  1- 3 |  4- 6 |  7- 9 | 10-12 || total
-------------------------+-------+-------+-------+-------++-------
Melee: War axe           |   115 |   162 |   177 |    35 ||   489
 Abil: Dig               |       |     1 |       |       ||     1
Evoke: Wand              |       |     3 |     6 |       ||     9
  Use: Scroll            |     6 |     9 |     5 |       ||    20
       Potion            |     1 |     3 |     2 |     1 ||     7
 Stab: Paralysed         |       |       |     2 |       ||     2
Armor: Scale mail        |    83 |    55 |       |       ||   138
       Plate armour      |       |    55 |    88 |    30 ||   173
Dodge: Dodged            |    54 |    48 |    36 |    28 ||   166
Block: Kite shield       |    85 |    80 |    97 |    19 ||   281
